 Dungeon Crawl Stone Soup version 0.22.0-25-g7663229 (webtiles) character file.

266 Amnesiac the Gusty (level 6, -2/41 HPs)
             Began as a Mummy Air Elementalist on Aug 20, 2018.
             Slain by an orc
             ... wielding the +7 whip of Zyesy {vamp, +Fly rN+ Int+4}
              (9 damage)
             ... on level 4 of the Dungeon.
             The game lasted 00:04:48 (2513 turns).

Amnesiac the Gusty (Mummy Air Elementalist)         Turns: 2513, Time: 00:04:49

Health: -2/41      AC:  2    Str: 11    XL:     6   Next: 0%
Magic:  6/13       EV: 12    Int: 17    God:
Gold:   43         SH:  0    Dex: 12    Spells: 7/14 levels left

rFire    x . .     SeeInvis .   e - +0 falchion
rCold    + . .     Gourm    .   (no shield)
rNeg     + + +     Faith    .   a - +0 robe
rPois    ∞         Spirit   .   (no helmet)
rElec    .         Reflect  .   (no cloak)
rCorr    .         Harm     .   (no gloves)
MR       .....                  (no boots)
Stlth    ++........             (no amulet)
HPRegen  0.13/turn              (no ring)
MPRegen  0.13/turn              (no ring)

@: no status effects
A: no food or potions, fire vulnerability, cold resistance 1, negative energy
resistance 3, torment resistance, unbreathing
a: no special abilities


You were on level 4 of the Dungeon.
You were not hungry.

You visited 1 branch of the dungeon, and saw 7 of its levels.

You collected 43 gold pieces.

Inventory:

Hand Weapons
 e - a +0 falchion (weapon)
Armour
 a - a +0 robe (worn)
Jewellery
 d - an uncursed ring of resist corrosion {unknown}
Scrolls
 b - a scroll of amnesia {!r, unknown}
 c - 2 scrolls of teleportation {!r, unknown}
 f - 2 scrolls of remove curse {!r, unknown}
 g - 4 scrolls of identify {!r, unknown}


   Skills:
 - Level 1.5 Dodging
 - Level 1.5 Stealth
 + Level 4.8 Spellcasting
 - Level 0.7 Conjurations
 * Level 4.8 Air Magic


You had 7 spell levels left.
You knew the following spells:

 Your Spells              Type           Power        Failure   Level  Hunger
a - Shock                 Conj/Air       ##..         4%          1    N/A
d - Airstrike             Air            ###.......   21%         4    N/A
z - Swiftness             Chrm/Air       ##......     9%          2    N/A

Your spell library contained the following spells:

 Spells                   Type           Power        Failure   Level  Hunger
 Static Discharge         Conj/Air       ##......     14%         3    N/A
 Lightning Bolt           Conj/Air       ##........   78%         5    N/A

Dungeon Overview and Level Annotations

Branches:
Dungeon (7/15)
 Temple: D:4-7

Altars:
Cheibriados
Xom


Innate Abilities, Weirdness & Mutations

You do not eat or drink.
Your flesh is vulnerable to fire.
You are immune to poison.
Your flesh is cold resistant. (rC+)
You are immune to negative energy. (rN+++)
You are immune to unholy pain and torment.
You can survive without breathing.


Message History

The orc priest calls down the wrath of Beogh upon you.
Beogh smites you!
The orc priest shouts!
You hear a shout!
You hear a bark!
The orc priest looks encouraged for a moment.
Casting: Shock (safe; 5% risk of failure)
Confirm with . or Enter, or press ? or * to list all spells.
Aiming: Shock (safe; 5% risk of failure)
Press: ? - help, Shift-Dir - straight line, f/p - orc priest
Aim: an orc priest, wielding a dagger The zap hits the orc priest.
The orc priest is moderately wounded.
The zap misses the orc.
Unknown command.
Things that are here:
a short sword; a scroll labeled JUWKET AWAURCH {!r}
Casting: Shock (safe; 5% risk of failure)
Confirm with . or Enter, or press ? or * to list all spells.
Aiming: Shock (safe; 5% risk of failure)
Press: ? - help, Shift-Dir - straight line, f/p - orc priest
Aim: an orc priest, wielding a dagger (moderately wounded)
The zap hits the orc priest.
The orc priest is moderately wounded.
The zap hits the orc priest.
The orc priest is heavily wounded.
The jackal bites you.
The orc priest mumbles some strange prayers to Beogh against you.
Beogh smites you!
* * * LOW HITPOINT WARNING * * *
Unknown command.
Casting: Shock (safe; 5% risk of failure)
Confirm with . or Enter, or press ? or * to list all spells.
Aiming: Shock (safe; 5% risk of failure)
Press: ? - help, Shift-Dir - straight line, f/p - orc priest
Aim: an orc priest, wielding a dagger (heavily wounded)
The zap hits the orc priest.
The orc priest is almost dead.
The zap misses the orc priest.
The jackal closely misses you.
The jackal bites you but does no damage.
The orc priest looks braver for a moment.
Casting: Shock (safe; 5% risk of failure)
Confirm with . or Enter, or press ? or * to list all spells.
Aiming: Shock (safe; 5% risk of failure)
Press: ? - help, Shift-Dir - straight line, f/p - orc priest
Aim: an orc priest, wielding a dagger (almost dead)
The zap hits the orc priest.
The orc priest is almost dead.
The zap misses the orc priest.
The jackal closely misses you.
Unknown command.
Casting: Shock (safe; 5% risk of failure)
Confirm with . or Enter, or press ? or * to list all spells.
Aiming: Shock (safe; 5% risk of failure)
Press: ? - help, Shift-Dir - straight line, f/p - orc priest
Aim: an orc priest, wielding a dagger (almost dead)
The zap misses the orc priest.
The zap hits the orc priest.
You kill the orc priest!
You have reached level 6!
Your experience leads to an increase in your attributes!
Increase (S)trength, (I)ntelligence, or (D)exterity?
You feel clever. The jackal misses you. The jackal closely misses you.
The orc hits you with a translucent whip {vamp}!
* * * LOW HITPOINT WARNING * * *
The orc hits you with a translucent whip {vamp}!
You die...

#.........#.... .
#.........#.... ...
#.........#.... ....
####.......%.#.... .....
#.................
......##?..........>.....
...............(.........
.......##o.............###
.....[..o@..##.%.......#
........h...##.........#
................%.......
..........###............
##'#......# ##...###.....
# #......# ##### ....
#!.....# ### ########


You could see an orc priest, an orc and a jackal.

Vanquished Creatures
  A scorpion (D:4)
  A crimson imp (D:6)
  A hound (D:4)
  A bullfrog skeleton (D:4)
  An orc priest (D:4)
  A worker ant (D:4)
  A hound skeleton (D:4)
  An adder (D:3)
  An ooze (D:6)
  A worm (D:2)
  2 leopard geckos
  5 orcs
  3 bats
  3 giant cockroaches
  A goblin (D:3)
  5 hobgoblins
  3 jackals (D:5)
  3 quokkas
  A frilled lizard (D:3)
  3 kobolds
  3 rats
42 creatures vanquished.

Notes
Turn   | Place    | Note
-------+----------+-------------------------------------------
     0 | D:1      | Amnesiac the Mummy Air Elementalist began the quest for the Orb.
     0 | D:1      | Reached XP level 1. HP: 13/13 MP: 4/4
   249 | D:1      | Reached XP level 2. HP: 19/19 MP: 3/5
   253 | D:1      | Learned a level 2 spell: Swiftness
   937 | D:3      | Reached XP level 3. HP: 18/24 MP: 0/7
  1100 | D:3      | Found a shimmering altar of Xom.
  1141 | D:3      | Found a shimmering altar of Xom.
  1142 | D:3      | Found a shimmering altar of Xom.
  1142 | D:3      | Found a shimmering altar of Xom.
  1142 | D:3      | Found a shimmering altar of Xom.
  1398 | D:5      | Entered Level 5 of the Dungeon
  1693 | D:5      | Noticed a gnoll sergeant
  2055 | D:6      | Reached XP level 4. HP: 26/30 MP: 0/9
  2090 | D:6      | Learned a level 4 spell: Airstrike
  2305 | D:4      | Reached XP level 5. HP: 25/35 MP: 5/11
  2394 | D:4      | Found a snail-covered altar of Cheibriados.
  2512 | D:4      | Reached XP level 6. HP: 15/41 MP: 6/13
  2513 | D:4      | Identified the +7 whip of Zyesy {vamp, +Fly rN+ Int+4}
  2513 | D:4      | Slain by an orc

Skill      XL: |  1  2  3  4 |
---------------+-------------+-----
Spellcasting   | 3 4 |  4.8
Air Magic      | 3 4 |  4.8
Dodging        | |  1.5
Stealth        | |  1.5
Conjurations   | |  0.7

Action                   |  1- 3 |  4- 6 || total
-------------------------+-------+-------++-------
Melee: Unarmed           |     4 |       ||     4
       Falchion          |    25 |       ||    25
 Cast: Shock             |    87 |    47 ||   134
Armor: Robe              |     9 |     4 ||    13
Dodge: Dodged            |    41 |    23 ||    64
       Rpst.: Falchion   |     9 |     9 ||    18
